% Time on Ice - CALGARY FIREMEN
Lines # - Real PCT - Wanted PCT - Time Play
Normal Forward
1 - 32% - 33% - 18:20
2 - 33% - 32% - 18:36
3 - 25% - 25% - 14:13
4 - 10% - 10% - 5:40
Normal Defense
1 - 30% - 33% - 17:02
2 - 24% - 32% - 13:49
3 - 33% - 25% - 18:31
4 - 13% - 10% - 7:27
PP Forward
1 - 49% - 50% - 0:58
2 - 51% - 50% - 1:01
PP Defense
1 - 51% - 50% - 1:01
2 - 49% - 50% - 0:58
PK Forward
1 - 50% - 50% - 0:36
2 - 50% - 50% - 0:36
PK Defense
1 - 50% - 70% - 0:36
2 - 50% - 30% - 0:36
PK3 Forward
1 - 0% - 50%
2 - 0% - 50%
PK3 Defense
1 - 0% - 50%
2 - 0% - 50%
44 Forward
1 - 0% - 50%
2 - 0% - 50%
44 Defense
1 - 0% - 50%
2 - 0% - 50%
Last Minute Offensive  - 0:00
Last Minute Defensive  - 0:00
Total
Forward - 60:00
Defense - 60:00
% Time on Ice - SEATTLE GRUNGE
Lines # - Real PCT - Wanted PCT - Time Play
Normal Forward
1 - 28% - 36% - 16:05
2 - 31% - 31% - 17:32
3 - 24% - 23% - 13:43
4 - 17% - 10% - 9:29
Normal Defense
1 - 32% - 36% - 18:19
2 - 34% - 31% - 19:19
3 - 25% - 23% - 14:16
4 - 9% - 10% - 4:55
PP Forward
1 - 44% - 55% - 0:32
2 - 56% - 45% - 0:40
PP Defense
1 - 44% - 55% - 0:32
2 - 56% - 45% - 0:40
PK Forward
1 - 100% - 55% - 1:59
2 - 0% - 45% - 0:00
PK Defense
1 - 51% - 55% - 1:01
2 - 49% - 45% - 0:58
PK3 Forward
1 - 0% - 55%
2 - 0% - 45%
PK3 Defense
1 - 0% - 55%
2 - 0% - 45%
44 Forward
1 - 0% - 55%
2 - 0% - 45%
44 Defense
1 - 0% - 55%
2 - 0% - 45%
Last Minute Offensive  - 0:00
Last Minute Defensive  - 0:00
Total
Forward - 60:00
Defense - 60:00
Play-by-Play 1st period 0:01 of 1st period - Ryan Johansen wins face-off versus Sheldon Rempal in neutral zone. 1:43 of 1st period - Icing by Shayne Gostisbehere. 1:44 of 1st period - Adam Henrique wins face-off versus Riley Sheahan in CALGARY FIREMEN zone. 1:44 of 1st period - Adam Henrique is hit by Tyler Seguin. 1:55 of 1st period - Adam Henrique is hit by Nicolas Meloche. 2:43 of 1st period - Icing by Roman Josi. 2:44 of 1st period - Brett Howden wins face-off versus Warren Foegele in SEATTLE GRUNGE zone. 3:42 of 1st period - Shot by Sheldon Rempal. 3:42 of 1st period - Shot Misses the Net. 3:44 of 1st period - Shot by David Savard. 3:44 of 1st period - Stopped by Vitek Vanecek with a rebound. 4:19 of 1st period - Shot by Garnet Hathaway. 4:19 of 1st period - Deflect By Rem Pitlick. 4:19 of 1st period - Shot Blocked by Justin Braun. 4:21 of 1st period - Shot by Jakub Vrana. 4:21 of 1st period - Stopped by Vitek Vanecek without a rebound. 4:22 of 1st period - Jack Drury wins face-off versus Rem Pitlick in CALGARY FIREMEN zone. 4:55 of 1st period - Shot by Rem Pitlick. 4:55 of 1st period - Shot Blocked by Gustav Forsling. 4:57 of 1st period - Shot by Garnet Hathaway. 4:57 of 1st period - Stopped by Vitek Vanecek without a rebound. 4:58 of 1st period - Adam Henrique wins face-off versus Riley Sheahan in CALGARY FIREMEN zone. 5:32 of 1st period - Shot by Sonny Milano. 5:32 of 1st period - Shot Misses the Net. 6:12 of 1st period - Shot by Filip Forsberg. 6:12 of 1st period - Stopped by Devan Dubnyk with a rebound. 6:14 of 1st period - Shot by Gustav Forsling. 6:14 of 1st period - Stopped by Devan Dubnyk with a rebound. 6:16 of 1st period - Shot by Gustav Forsling. 6:16 of 1st period - Stopped by Devan Dubnyk with a rebound. 6:18 of 1st period - Shot by Gustav Forsling. 6:18 of 1st period - Stopped by Devan Dubnyk with a rebound. 6:37 of 1st period - Off-side. 6:38 of 1st period - Jack Drury wins face-off versus Sheldon Rempal in neutral zone. 6:38 of 1st period - Jack Drury is hit by Wayne Simmonds. 6:45 of 1st period - Oskar Lindblom is hit by Roman Josi and loses puck. 7:37 of 1st period - Off-side. 7:38 of 1st period - Ryan Johansen wins face-off versus Rem Pitlick in neutral zone. 7:51 of 1st period - Shot by Ryan Johansen. 7:51 of 1st period - Shot Misses the Net. 8:01 of 1st period - Shot by Ryan Johansen. 8:01 of 1st period - Stopped by Devan Dubnyk without a rebound. 8:02 of 1st period - Milan Lucic wins face-off versus Adam Henrique in SEATTLE GRUNGE zone. 8:19 of 1st period - Adam Henrique is hit by Travis Sanheim and loses puck. 8:29 of 1st period - Shot by Adam Henrique. 8:29 of 1st period - Stopped by Devan Dubnyk without a rebound. 8:30 of 1st period - Jack Drury wins face-off versus Rem Pitlick in SEATTLE GRUNGE zone. 8:42 of 1st period - Icing by Jake McCabe. 8:43 of 1st period - Sheldon Rempal wins face-off versus Jack Drury in CALGARY FIREMEN zone. 8:43 of 1st period - Sheldon Rempal is hit by Jake McCabe. 8:59 of 1st period - Shot by David Savard. 8:59 of 1st period - Stopped by Vitek Vanecek without a rebound. 9:00 of 1st period - Ryan Johansen wins face-off versus Rem Pitlick in CALGARY FIREMEN zone. 9:17 of 1st period - Roman Josi is hit by Jakob Silfverberg and loses puck. 9:21 of 1st period - Icing by Roman Josi. 9:22 of 1st period - Adam Henrique wins face-off versus Rem Pitlick in SEATTLE GRUNGE zone. 9:37 of 1st period - Roman Josi is hit by Adam Henrique and loses puck. 10:38 of 1st period - Shot by Filip Forsberg. 10:38 of 1st period - Shot Misses the Net. 10:40 of 1st period - Shot by Filip Forsberg. 10:40 of 1st period - Stopped by Devan Dubnyk with a rebound. 10:42 of 1st period - Shot by Filip Forsberg. 10:42 of 1st period - Shot Misses the Net. 11:22 of 1st period - Icing by Alex Goligoski. 11:23 of 1st period - Ryan Johansen wins face-off versus Riley Sheahan in CALGARY FIREMEN zone. 11:23 of 1st period - Ryan Johansen is hit by Morgan Geekie. 11:29 of 1st period - Shot by Morgan Geekie. 11:29 of 1st period - Stopped by Vitek Vanecek without a rebound. 11:30 of 1st period - Mattias Janmark-Nylen wins face-off versus Rem Pitlick in CALGARY FIREMEN zone. 11:38 of 1st period - Jack Drury is hit by Danny DeKeyser and loses puck. 12:07 of 1st period - Shot by Oskar Lindblom. 12:07 of 1st period - Stopped by Devan Dubnyk without a rebound. 12:08 of 1st period - Adam Henrique wins face-off versus Riley Sheahan in SEATTLE GRUNGE zone. 12:34 of 1st period - Icing by David Savard. 12:35 of 1st period - Brett Howden wins face-off versus Riley Sheahan in SEATTLE GRUNGE zone. 12:48 of 1st period - Shot by Brett Howden. 12:48 of 1st period - Stopped by Devan Dubnyk without a rebound. 12:49 of 1st period - Oskar Lindblom wins face-off versus Rem Pitlick in SEATTLE GRUNGE zone. 13:21 of 1st period - Justin Braun is hit by Garnet Hathaway and loses puck. 13:30 of 1st period - Shot by Rem Pitlick. 13:30 of 1st period - Stopped by Vitek Vanecek without a rebound. 13:31 of 1st period - Ryan Johansen wins face-off versus Sheldon Rempal in CALGARY FIREMEN zone. 14:42 of 1st period - Kyle Palmieri is hit by Sonny Milano and loses puck. 14:49 of 1st period - Icing by Travis Sanheim. 14:50 of 1st period - Jack Drury wins face-off versus Sheldon Rempal in SEATTLE GRUNGE zone. 15:13 of 1st period - Shot by Warren Foegele. 15:13 of 1st period - Shot Misses the Net. 15:36 of 1st period - Off-side. 15:37 of 1st period - Adam Henrique wins face-off versus Riley Sheahan in neutral zone. 15:47 of 1st period - Shot by Riley Sheahan. 15:47 of 1st period - Shot Misses the Net. 15:57 of 1st period - Shot by Adam Henrique. 15:57 of 1st period - Stopped by Devan Dubnyk without a rebound. 15:58 of 1st period - Ryan Johansen wins face-off versus Rem Pitlick in SEATTLE GRUNGE zone. 16:01 of 1st period - Shot by Filip Forsberg. 16:01 of 1st period - Stopped by Devan Dubnyk with a rebound. 16:03 of 1st period - Shot by Jakob Silfverberg. 16:03 of 1st period - Shot Blocked by Danny DeKeyser. 16:05 of 1st period - Shot by Jakob Silfverberg. 16:05 of 1st period - Deflect By Ryan Johansen. 16:05 of 1st period - Shot Misses the Net. 16:12 of 1st period - Off-side. 16:13 of 1st period - Adam Henrique wins face-off versus Morgan Geekie in neutral zone. 16:18 of 1st period - Shot by Andreas Athanasiou. 16:18 of 1st period - Shot Blocked by David Savard. 16:28 of 1st period - Shot by Sonny Milano. 16:28 of 1st period - Stopped by Devan Dubnyk without a rebound. 16:29 of 1st period - Ryan Johansen wins face-off versus Rem Pitlick in SEATTLE GRUNGE zone. 16:46 of 1st period - Shot by Filip Forsberg. 16:46 of 1st period - Stopped by Devan Dubnyk without a rebound. 16:47 of 1st period - Adam Henrique wins face-off versus Warren Foegele in SEATTLE GRUNGE zone. 17:16 of 1st period - Shot by Milan Lucic. 17:16 of 1st period - Shot Misses the Net. 18:00 of 1st period - Shot by Filip Forsberg. 18:00 of 1st period - Deflect By Ryan Johansen. 18:00 of 1st period - Shot Misses the Net. 18:02 of 1st period - Shot by Filip Forsberg. 18:02 of 1st period - Shot Misses the Net. 18:32 of 1st period - Shot by Jakob Silfverberg. 18:32 of 1st period - Shot Misses the Net. 18:34 of 1st period - Shot by Jakob Silfverberg. 18:34 of 1st period - Shot Misses the Net. 19:46 of 1st period - Shot by Kyle Palmieri. 19:46 of 1st period - Stopped by Vitek Vanecek without a rebound. 19:47 of 1st period - Brett Howden wins face-off versus Rem Pitlick in CALGARY FIREMEN zone. Goals for this period are 0 for CALGARY FIREMEN vs 0 for SEATTLE GRUNGE. Shots for this period are 13 for CALGARY FIREMEN vs 7 for SEATTLE GRUNGE. 2nd period 0:01 of 2nd period - Ryan Johansen wins face-off versus Wayne Simmonds in neutral zone. 0:06 of 2nd period - Shot by Ryan Johansen. 0:06 of 2nd period - S